Map: 2000 Atmospheres LE

Players

A.I. 2 (Very Easy)

  • Race: Terran Terran

DIMAGA

  • Race: Zerg Zerg
  • League: Grandmaster

VOD

Have the link to the VOD?

Description

Time

  • Played on: Jan. 18, 2022, 10:42 a.m.
  • Length: 10:22
Show
View Real Time Build Order
Export as new Build Order

A.I. 2 (Very Easy) Terran 

Build Orders: Reaper Expand 

Get SALT Encoding   

  12  0:00  SCV  
  13  0:13  SCV  
  14  0:18  Supply Depot  
  14  0:42  Barracks  
  14  1:02  Command Center  
  14  1:29  Orbital Command, Supply Depot  
  14  1:31  Marine  
  15  1:35  Refinery  
  15  1:48  Refinery  
  15  1:55  SCV  
  16  2:07  SCV  
  17  2:15  Reaper  
  17  2:19  SCV  
  17  2:20  SCV  
  20  2:31  SCV  
  20  2:35  SCV  
  22  2:43  SCV  
  23  2:48  Refinery  
  23  2:49  SCV  
  24  2:56  SCV  
  25  3:00  Marine  
  25  3:03  SCV  
  27  3:10  SCV  
  27  3:11  Refinery  
  28  3:18  SCV, Factory  
  29  3:40  SCV  
  30  3:45  Barracks Tech Lab  
  30  3:47  SCV  
  31  3:53  Supply Depot  
  31  3:55  SCV  
  32  4:02  SCV  
  33  4:04  Marauder  
  33  4:07  Starport  
  35  4:10  SCV  
  36  4:17  SCV  
  37  4:24  SCV  
  37  4:26  Supply Depot  
  38  4:31  SCV  
  39  4:38  SCV  
  39  4:44  Starport Tech Lab  
  40  4:45  SCV  
  40  4:48  Marine  
  42  4:53  SCV  
  43  5:00  SCV  
  43  5:04  Raven  
  46  5:07  SCV  
  47  5:14  SCV  
  48  5:33  Marine  
  49  5:47  Raven  
  51  6:18  Marine  
  52  6:48  SCV  
  52  7:04  Marauder  
Show
View Real Time Build Order
Export as new Build Order

DIMAGA Zerg 

Build Orders: Hatch First 

Get SALT Encoding   

  12  0:00  Drone  
  13  0:12  Overlord  
  13  0:17  Drone  
  14  0:31  Drone x2  
  16  0:48  Hatchery  
  15  0:51  Drone  
  15  0:54  Drone  
  17  0:57  Drone  
  18  1:08  Extractor  
  17  1:13  Spawning Pool  
  17  1:16  Drone  
  17  1:19  Drone  
  18  1:28  Drone  
  19  1:38  Drone  
  20  1:49  Drone  
  21  2:00  Queen x2  
  21  2:01  Zergling x4  
  27  2:13  Hatchery  
  26  2:18  Overlord  
  26  2:21  Drone  
  27  2:23  Drone  
  27  2:29  Metabolic Boost  
  28  2:37  Drone x3  
  28  2:43  Overlord  
  31  2:49  Queen  
  33  2:53  Drone  
  33  2:54  Drone  
  33  2:56  Drone  
  36  3:06  Drone x2  
  36  3:09  Drone x3  
  41  3:15  Overlord  
  41  3:18  Drone  
  42  3:25  Queen x2  
  46  3:29  Drone  
  46  3:30  Drone  
  48  3:34  Overlord  
  48  3:38  Zergling x2  
  48  3:39  Zergling x2  
  48  3:41  Drone x3  
  53  3:43  Drone  
  53  3:48  Overlord  
  54  3:52  Drone x2  
  56  3:59  Drone x4  
  56  4:02  Queen  
  60  4:04  Queen  
  64  4:12  Drone x4  
  64  4:16  Overlord  
  68  4:18  Overlord  
  68  4:19  Drone x2  
  68  4:20  Drone  
  71  4:26  Evolution Chamber x2  
  71  4:28  Drone, Extractor  
  71  4:30  Drone  
  70  4:34  Drone x5  
  75  4:43  Drone  
  75  4:44  Drone x4  
  75  4:45  Drone x3  
  83  4:53  Zerg Melee Weapons Level 1, Zerg Ground Armor Level 1, Extractor  
  83  4:55  Extractor  
  83  4:59  Zergling x8  
  85  5:04  Overlord  
  85  5:06  Drone  
  86  5:07  Lair  
  86  5:16  Drone x2  
  86  5:17  Baneling Nest  
  86  5:19  Hatchery, Overlord  
  86  5:23  Hatchery  
  86  5:25  Overlord  
  86  5:26  Overlord  
  86  5:28  Zergling x4  
  87  5:41  Zergling x16  
  95  5:51  Overlord, Zergling x4  
  95  5:52  Zergling x12  
  103  5:59  Overlord  
  103  6:02  Spore Crawler  
  102  6:04  Spore Crawler, Centrifugal Hooks  
  102  6:05  Spore Crawler, Drone  
  102  6:06  Queen  
  102  6:10  Drone x3  
  102  6:11  Baneling x11  
  106  6:17  Zergling x4  
  108  6:21  Overlord  
  108  6:22  Drone x7  
  115  6:32  Drone x5  
  120  6:40  Zergling x6  
  123  6:51  Extractor  
  123  6:52  Extractor  
  123  6:53  Drone x4  
  123  6:54  Drone x2  
  127  6:57  Infestation Pit, Extractor  
  127  6:58  Drone x3  
  128  7:01  Hydralisk Den  
  128  7:05  Pneumatized Carapace  
  128  7:06  Zerg Melee Weapons Level 2, Zerg Ground Armor Level 2, Overseer  
  127  7:16  Drone x6  
  127  7:19  Hatchery  
  127  7:20  Zergling x24  
  144  7:35  Hive  
  144  7:38  Lurker Den  
  144  7:40  Spore Crawler  
  144  7:41  Zergling x10  
  144  7:42  Spore Crawler x2, Zergling x14  
  144  7:43  Overlord x2  
  152  7:50  Overlord  
  152  7:51  Overlord  
  152  7:56  Hydralisk x3  
  158  8:00  Muscular Augments  
  158  8:03  Extractor  
  158  8:04  Evolution Chamber  
  156  8:06  Drone  
  156  8:07  Spore Crawler  
  156  8:08  Overlord  
  156  8:10  Overlord x2  
  156  8:12  Drone x10  
  166  8:13  Drone  
  167  8:27  Overlord x2  
  167  8:28  Hydralisk x6  
  179  8:45  Extractor  
  179  8:46  Extractor  
  179  8:47  Spore Crawler x2  
  179  8:48  Spore Crawler, Drone x3  
  175  8:49  Drone x3  
  175  8:50  Adaptive Talons  
  175  8:53  Baneling x13  
  175  8:54  Baneling  
  175  8:55  Lurker x2  
  182  8:56  Lurker  
  183  9:06  Hydralisk x4  
  183  9:08  Zergling x12  
  197  9:12  Zergling x6  
  200  9:21  Baneling x9  
  200  9:22  Baneling x7  
  200  9:23  Baneling x5  
  187  9:32  Baneling  
  187  9:33  Baneling x10  
  187  9:53  Hatchery  
  187  9:57  Zergling x26  
  183  10:01  Hatchery  
  183  10:04  Zergling x14  
  183  10:05  Zergling x2  
Tags
 
Add a new tag
Caveats
  • Supply blocks, unpowered buildings, or Contaminate may cause inaccurate times.
  • Supply counts are checked every 10 seconds.